[Event "3rd Memorial Warakomska 2019"]
[Site "Suwalki"]
[Date "2019.08.08"]
[Round "5.16"]
[White "Budrewicz, Krzysztof"]
[Black "Cukrowski, Filip"]
[Result "1/2-1/2"]
[ECO "E15"]
[WhiteElo "2188"]
[BlackElo "2421"]
[Annotator "NA"]
[PlyCount "105"]
[EventDate "2019.08.05"]
[EventType "swiss"]
[EventCountry "POL"]
[SourceTitle "playchess.com"]
[Source "ChessBase"]
[SourceQuality "1"]
[TimeControl "40/5400+30:1800+30"]

1. d4 Nf6 2. c4 e6 3. Nf3 b6 4. g3 Ba6 5. Qa4 c6 6. Nc3 d5 7. cxd5 exd5 8. Bg2 b5 9. Qc2 b4 10. Na4 Bb5 11. O-O Nbd7 12. Bf4 Be7 13. Ne5 Nxe5 14. Bxe5 O-O 15. Bxf6 Bxf6 16. Rfd1 h5 17. Nc5 h4 18. e3 Qc8 19. Rac1 a5 20. Nd3 g6 21. Bf1 Rd8 22. Rd2 Kg7 23. Qd1 hxg3 24. hxg3 Bxd3 25. Bxd3 Rd6 26. Kg2 a4 27. Be2 Be7 28. Bg4 f5 29. Bf3 Qd7 30. Rdc2 Rf6 31. Qd3 g5 32. Rh1 Rh8 33. Rxh8 Kxh8 34. Rc1 Rh6 35. Re1 Kg7 36. Bd1 a3 37. bxa3 bxa3 38. Bc2 f4 39. Qf5 Qxf5 40. Bxf5 fxg3 41. Kxg3 c5 42. dxc5 Rc6 43. Rd1 Kf6 44. Bc2 Rxc5 45. Bb3 Ke5 46. Kg4 Rb5 47. f4+ gxf4 48. exf4+ Ke6 49. Rd3 Bf6 50. Re3+ Kd6 51. Rd3 Ke6 52. Re3+ Kd6 53. Rd3 {[%emt 0:08:43] Ke5} 1/2-1/2

[Event "3rd Memorial Warakomska 2019"]
[Site "Suwalki"]
[Date "2019.08.08"]
[Round "5.17"]
[White "Bachor, Tomasz"]
[Black "Dhulipalla Bala Chandra Prasad"]
[Result "0-1"]
[ECO "D31"]
[WhiteElo "2022"]
[BlackElo "2419"]
[Annotator "NA"]
[PlyCount "98"]
[EventDate "2019.08.05"]
[EventType "swiss"]
[EventCountry "POL"]
[SourceTitle "playchess.com"]
[Source "ChessBase"]
[SourceQuality "1"]
[TimeControl "40/5400+30:1800+30"]

1. d4 d5 2. c4 e6 3. Nc3 a6 4. cxd5 exd5 5. Nf3 Nf6 6. Bg5 Be6 7. e3 Nbd7 8. Bd3 h6 9. Bh4 Be7 10. Qc2 O-O 11. O-O c6 12. h3 Bd6 13. Ne2 Rc8 14. Rac1 Re8 15. Qb1 Qc7 16. Nd2 Bb4 17. Bg3 Qb6 18. Nc3 c5 19. a3 c4 20. Bc2 Bd6 21. Bxd6 Qxd6 22. Rce1 b5 23. f4 Nf8 24. Nf3 Rb8 25. Ne5 b4 26. axb4 Rxb4 27. Nd1 Reb8 28. Qc1 Bc8 29. Rf2 Ne8 30. g4 R4b6 31. Kh1 Qe7 32. Rg1 f6 33. Nf3 Nd6 34. Rfg2 Kh8 35. h4 Ne4 36. h5 Qe8 37. Bxe4 Qxe4 38. Nd2 Qe8 39. Rh2 Nh7 40. Qc2 Bd7 41. Nf3 Ba4 42. Qf5 Bxd1 43. Rxd1 Qxe3 44. Nh4 Nf8 45. Ng6+ Nxg6 46. hxg6 Qf3+ 47. Rg2 Rxb2 48. Rdg1 Qh3+ 49. Rh2 Rxh2# 0-1

[Event "3rd Memorial Warakomska 2019"]
[Site "Suwalki"]
[Date "2019.08.08"]
[Round "5.18"]
[White "Czarnota, Pawel"]
[Black "Efroimski, Marsel"]
[Result "1-0"]
[ECO "C07"]
[WhiteElo "2534"]
[BlackElo "2318"]
[Annotator "ChessBase"]
[PlyCount "129"]
[EventDate "2019.08.05"]
[EventType "swiss"]
[EventCountry "POL"]
[SourceTitle "playchess.com"]
[Source "ChessBase"]
[SourceQuality "1"]
[TimeControl "40/5400+30:1800+30"]

1. e4 e6 2. d4 d5 3. Nd2 c5 4. exd5 Qxd5 5. Ngf3 cxd4 6. Bc4 Qd6 7. O-O Nf6 8. Nb3 Nc6 9. Nbxd4 Nxd4 10. Nxd4 Be7 11. c3 O-O 12. Qf3 Qc7 13. Bb3 a5 14. a4 Bd7 15. Re1 Bc6 16. Nxc6 bxc6 17. Bc4 Rfd8 18. g3 Qb6 19. Qe2 Nd5 20. h4 h6 21. Kg2 Rd7 22. Bd3 Rad8 23. Bc2 Qc5 24. Qf3 Nf6 25. Be3 Qd5 26. Rad1 Qxf3+ 27. Kxf3 Nd5 28. Bc1 Bf6 29. Re4 Rb7 30. Rc4 Rb6 31. Rc5 Ra8 32. Ke2 Be7 33. Rc4 Rab8 34. h5 f5 35. g4 Bg5 36. f4 Rxb2 37. Bxb2 Nxf4+ 38. Rxf4 Rxb2 39. Rc4 Rxc2+ 40. Kd3 Ra2 41. gxf5 exf5 42. Rxc6 Rxa4 43. c4 Bf6 44. Rf1 Ra3+ 45. Kc2 Rc3+ 46. Kb1 a4 47. Rxf5 Rh3 48. Ra6 a3 49. Ka2 Rc3 50. c5 Kf7 51. Rxa3 Rc1 52. Re3 g6 53. hxg6+ Kxg6 54. Rd5 Bg5 55. Re4 Bf6 56. Kb3 h5 57. Rc4 Rb1+ 58. Ka4 h4 59. c6 h3 60. c7 Ra1+ 61. Kb5 Rb1+ 62. Rb4 Rc1 63. Rc5 Rxc5+ 64. Kxc5 h2 65. Rb1 1-0

[Event "3rd Memorial Warakomska 2019"]
[Site "Suwalki"]
[Date "2019.08.08"]
[Round "5.19"]
[White "Skawinski, Arkadiusz"]
[Black "Sernecki, Franciszek"]
[Result "1-0"]
[ECO "B40"]
[WhiteElo "2398"]
[BlackElo "2275"]
[Annotator "NA"]
[PlyCount "99"]
[EventDate "2019.08.05"]
[EventType "swiss"]
[EventCountry "POL"]
[SourceTitle "playchess.com"]
[Source "ChessBase"]
[SourceQuality "1"]
[TimeControl "40/5400+30:1800+30"]

1. e4 c5 2. Nf3 e6 3. b3 b6 4. Bd3 Nc6 5. O-O Nf6 6. e5 Ng4 7. Bb2 d6 8. exd6 Bxd6 9. Na3 Bb7 10. Nc4 Bc7 11. h3 Nf6 12. Re1 O-O 13. Bf1 Qe7 14. g3 Rad8 15. Bg2 Bb8 16. a4 Nd4 17. Nxd4 Bxg2 18. Kxg2 cxd4 19. Qf3 Qd7 20. d3 Rfe8 21. h4 e5 22. Re2 Re6 23. Rae1 Rde8 24. c3 Nd5 25. cxd4 Rf6 26. Qh5 Rf5 27. Rxe5 Bxe5 28. Qe2 Rf6 29. dxe5 Rfe6 30. Qe4 Nb4 31. d4 Qc6 32. f4 Qxe4+ 33. Rxe4 f5 34. Re2 Rc8 35. Nd6 Rc7 36. Nxf5 Nd5 37. Nd6 g6 38. Kf3 h5 39. Nb5 Rf7 40. Rc2 a6 41. Nd6 Rd7 42. Ba3 Kg7 43. Rc8 Kh7 44. Ne8 b5 45. Bd6 bxa4 46. bxa4 Nb6 47. Rb8 Nxa4 48. Nf6+ Rxf6 49. exf6 Rxd6 50. f7 1-0

[Event "3rd Memorial Warakomska 2019"]
[Site "Suwalki"]
[Date "2019.08.08"]
[Round "5.20"]
[White "Karavade, Eesha"]
[Black "Jaroch, Karol"]
[Result "1/2-1/2"]
[ECO "A40"]
[WhiteElo "2355"]
[BlackElo "2221"]
[Annotator "NA"]
[PlyCount "72"]
[EventDate "2019.08.05"]
[EventType "swiss"]
[EventCountry "POL"]
[SourceTitle "playchess.com"]
[Source "ChessBase"]
[SourceQuality "1"]
[TimeControl "40/5400+30:1800+30"]

1. d4 e6 2. c4 Nf6 3. g3 Bb4+ 4. Bd2 Qe7 5. Bg2 O-O 6. Nf3 Bxd2+ 7. Qxd2 d6 8. Nc3 Nbd7 9. O-O e5 10. Rfe1 Nb6 11. b3 Bg4 12. Nh4 c6 13. h3 Be6 14. e4 Rad8 15. Nf3 Qd7 16. Kh2 exd4 17. Qxd4 Qc7 18. Rac1 a5 19. Qd2 a4 20. Nd4 axb3 21. axb3 Nbd7 22. f4 Nc5 23. b4 Bxc4 24. e5 dxe5 25. fxe5 Nb3 26. Nxb3 Rxd2 27. Nxd2 Bd5 28. exf6 Bxg2 29. Kxg2 Rd8 30. Nde4 Qe5 31. fxg7 Rd3 32. g4 f5 33. gxf5 Qxg7+ 34. Kf2 Qd4+ 35. Kg2 Qg7+ 36. Kf2 Qd4+ 1/2-1/2

[Event "3rd Memorial Warakomska 2019"]
[Site "Suwalki"]
[Date "2019.08.08"]
[Round "5.21"]
[White "Kubicka, Anna"]
[Black "Lewtak, Damian"]
[Result "0-1"]
[ECO "C70"]
[WhiteElo "2202"]
[BlackElo "2354"]
[Annotator "NA"]
[PlyCount "76"]
[EventDate "2019.08.05"]
[EventType "swiss"]
[EventCountry "POL"]
[SourceTitle "playchess.com"]
[Source "ChessBase"]
[SourceQuality "1"]
[TimeControl "40/5400+30:1800+30"]

1. e4 e5 2. Nf3 Nc6 3. Bb5 a6 4. Ba4 g6 5. d4 exd4 6. Nxd4 Nge7 7. Nxc6 Nxc6 8. Bxc6 dxc6 9. Qxd8+ Kxd8 10. Bg5+ Be7 11. Bxe7+ Kxe7 12. Nc3 g5 13. f3 Bd7 14. Kf2 Rag8 15. g3 g4 16. f4 h5 17. Nd1 c5 18. Ne3 Bc6 19. Rhe1 Kf6 20. Ng2 Rd8 21. e5+ Ke6 22. Nh4 Rd2+ 23. Re2 Rhd8 24. Ke1 R2d4 25. Rc1 Bb5 26. c3 Ra4 27. Rd2 Re4+ 28. Kd1 Rxd2+ 29. Kxd2 Re2+ 30. Kd1 Rxb2 31. c4 Ba4+ 32. Ke1 Rxa2 33. Rc3 Bc2 34. Kf1 a5 35. Ng2 Be4 36. Ne3 a4 37. Ke1 a3 38. Nd1 Bf3 0-1

[Event "3rd Memorial Warakomska 2019"]
[Site "Suwalki"]
[Date "2019.08.08"]
[Round "5.22"]
[White "Kowalski, Igor"]
[Black "Antolak, Julia"]
[Result "1-0"]
[ECO "D90"]
[WhiteElo "2320"]
[BlackElo "2258"]
[Annotator "NA"]
[PlyCount "59"]
[EventDate "2019.08.05"]
[EventType "swiss"]
[EventCountry "POL"]
[SourceTitle "playchess.com"]
[Source "ChessBase"]
[SourceQuality "1"]
[TimeControl "40/5400+30:1800+30"]

1. d4 Nf6 2. c4 g6 3. Nc3 d5 4. Nf3 Bg7 5. h4 c6 6. Bg5 dxc4 7. e4 b5 8. e5 Nd5 9. h5 h6 10. hxg6 fxg6 11. Bd2 Nxc3 12. bxc3 Qd5 13. Be2 Be6 14. a4 bxa4 15. Qb1 Bf7 16. Rxa4 O-O 17. Bxh6 Bxh6 18. Rxh6 Kg7 19. Bxc4 Qxc4 20. Rxc4 Kxh6 21. Rb4 Nd7 22. Rb7 Rfd8 23. Qc1+ Kg7 24. Qg5 a5 25. Qxe7 a4 26. Ng5 a3 27. Qxf7+ Kh6 28. Ne6 a2 29. Qg7+ Kh5 30. Qh7+ 1-0

[Event "3rd Memorial Warakomska 2019"]
[Site "Suwalki"]
[Date "2019.08.08"]
[Round "5.23"]
[White "Czopor, Maciej"]
[Black "Punin, Andrii"]
[Result "1/2-1/2"]
[ECO "B01"]
[WhiteElo "2250"]
[BlackElo "2305"]
[Annotator "NA"]
[PlyCount "104"]
[EventDate "2019.08.05"]
[EventType "swiss"]
[EventCountry "POL"]
[SourceTitle "playchess.com"]
[Source "ChessBase"]
[SourceQuality "1"]
[TimeControl "40/5400+30:1800+30"]

1. e4 d5 2. exd5 Qxd5 3. Nc3 Qd8 4. d4 Nf6 5. Nf3 Bg4 6. Be2 c6 7. O-O Bxf3 8. Bxf3 e6 9. Re1 Be7 10. Ne2 O-O 11. c4 Nbd7 12. Bd2 e5 13. g3 Qb6 14. Bc3 exd4 15. Nxd4 Bb4 16. Qd2 Bxc3 17. Qxc3 Rfe8 18. Rad1 Rxe1+ 19. Rxe1 Re8 20. Rxe8+ Nxe8 21. Nb3 Nef6 22. h4 h5 23. Kg2 Kf8 24. a4 Nc5 25. Nxc5 Qxc5 26. b4 Qe7 27. a5 a6 28. b5 Qc5 29. bxa6 bxa6 30. Qb3 Qxa5 31. Qb8+ Ke7 32. Qb7+ Kf8 33. Qc8+ Ke7 34. Qxc6 Nd7 35. Qe4+ Qe5 36. Qb7 a5 37. Bc6 Qd4 38. c5 Kd8 39. Qa8+ Ke7 40. Bxd7 Qxd7 41. Qxa5 Qd5+ 42. Kh2 Kd7 43. Qb5+ Kc7 44. Qe8 g6 45. Qf8 Kd7 46. Qg7 Kc6 47. Qc3 f5 48. Qf6+ Kxc5 49. Qxg6 Qf3 50. Kg1 Qd1+ 51. Kg2 Qd5+ 52. Kg1 Qd1+ 1/2-1/2

[Event "3rd Memorial Warakomska 2019"]
[Site "Suwalki"]
[Date "2019.08.08"]
[Round "5.24"]
[White "Zylka, Stanislaw"]
[Black "Zaika, Daniil"]
[Result "1-0"]
[ECO "B52"]
[WhiteElo "2308"]
[BlackElo "2216"]
[Annotator "NA"]
[PlyCount "51"]
[EventDate "2019.08.05"]
[EventType "swiss"]
[EventCountry "POL"]
[SourceTitle "playchess.com"]
[Source "ChessBase"]
[SourceQuality "1"]
[TimeControl "40/5400+30:1800+30"]

1. e4 c5 2. Nf3 d6 3. Bb5+ Bd7 4. c4 e5 5. Nc3 Nc6 6. d3 g6 7. O-O Bg7 8. Ne1 Nge7 9. f4 O-O 10. Bxc6 bxc6 11. fxe5 Bxe5 12. Bh6 Re8 13. Qd2 f5 14. Nf3 Bh8 15. Rae1 Nc8 16. Kh1 Rb8 17. Re2 fxe4 18. dxe4 Be6 19. b3 Rb7 20. Ref2 Bg7 21. Bxg7 Kxg7 22. Na4 Rf7 23. e5 dxe5 24. Qxd8 Rxd8 25. Nxc5 Bf5 26. Ng5 1-0

[Event "3rd Memorial Warakomska 2019"]
[Site "Suwalki"]
[Date "2019.08.08"]
[Round "5.25"]
[White "Dzhuguryan, Tygran"]
[Black "Wiewiora, Eneasz"]
[Result "1/2-1/2"]
[ECO "D85"]
[WhiteElo "2230"]
[BlackElo "2344"]
[Annotator "NA"]
[PlyCount "82"]
[EventDate "2019.08.05"]
[EventType "swiss"]
[EventCountry "POL"]
[SourceTitle "playchess.com"]
[Source "ChessBase"]
[SourceQuality "1"]
[TimeControl "40/5400+30:1800+30"]

1. d4 Nf6 2. c4 g6 3. Nc3 d5 4. cxd5 Nxd5 5. e4 Nxc3 6. bxc3 Bg7 7. Be3 O-O 8. Qd2 c5 9. Rc1 Qa5 10. Nf3 Rd8 11. d5 Nc6 12. Be2 e6 13. Bg5 f6 14. Bf4 e5 15. Be3 b6 16. O-O Ba6 17. a4 Nd4 18. Bxa6 Nxf3+ 19. gxf3 Qxa6 20. Qa2 c4 21. Rb1 f5 22. Rb4 f4 23. Bc1 Rac8 24. Rb5 Bf8 25. d6 Bxd6 26. Rd1 Kg7 27. Rbd5 Be7 28. Rd7 Rxd7 29. Rxd7 Kf6 30. Ba3 Re8 31. Bxe7+ Rxe7 32. Rd8 Kg5 33. Qa3 Qb7 34. Qd6 Qc7 35. Qd5 Kh4 36. Kg2 Kg5 37. Rd6 Kh4 38. Rd8 Kg5 39. Kf1 Kh4 40. Kg2 Kg5 41. Rd6 Kh4 1/2-1/2

[Event "3rd Memorial Warakomska 2019"]
[Site "Suwalki"]
[Date "2019.08.08"]
[Round "5.26"]
[White "Ashwath, R.."]
[Black "Sowul, Bartosz"]
[Result "1-0"]
[ECO "A56"]
[WhiteElo "2365"]
[BlackElo "2210"]
[Annotator "NA"]
[PlyCount "81"]
[EventDate "2019.08.05"]
[EventType "swiss"]
[EventCountry "POL"]
[SourceTitle "playchess.com"]
[Source "ChessBase"]
[SourceQuality "1"]
[TimeControl "40/5400+30:1800+30"]

1. d4 Nf6 2. c4 c5 3. Nf3 g6 4. Nc3 cxd4 5. Nxd4 Bg7 6. e4 Nc6 7. Be3 O-O 8. Be2 d6 9. O-O Bd7 10. Qd2 Nxd4 11. Bxd4 Bc6 12. f3 Nd7 13. Be3 a5 14. b3 Nc5 15. Rab1 e6 16. Nb5 Be5 17. Bg5 Qb6 18. Kh1 Rfe8 19. Qe3 Bxb5 20. cxb5 Rac8 21. Rbd1 Qc7 22. f4 Bg7 23. Bf3 d5 24. e5 Qb6 25. Qe2 Nd7 26. Bh4 Bf8 27. f5 exf5 28. Rxd5 Qe6 29. Re1 Bb4 30. Red1 Nxe5 31. h3 b6 32. Bf2 Rc3 33. Rd8 Rc8 34. Bd5 Qf6 35. Rxc8 Rxc8 36. Bxb6 Qxb6 37. Qxe5 Rf8 38. Bc4 Qf2 39. Rd7 Qh4 40. b6 f4 41. b7 1-0

[Event "3rd Memorial Warakomska 2019"]
[Site "Suwalki"]
[Date "2019.08.08"]
[Round "5.27"]
[White "Fiedorek, Michal"]
[Black "Kukula, Pawel"]
[Result "1/2-1/2"]
[ECO "C88"]
[WhiteElo "2241"]
[BlackElo "2209"]
[Annotator "NA"]
[PlyCount "112"]
[EventDate "2019.08.05"]
[EventType "swiss"]
[EventCountry "POL"]
[SourceTitle "playchess.com"]
[Source "ChessBase"]
[SourceQuality "1"]
[TimeControl "40/5400+30:1800+30"]

1. e4 e5 2. Nf3 Nc6 3. Bb5 a6 4. Ba4 Nf6 5. O-O Be7 6. Re1 b5 7. Bb3 d6 8. a4 Bd7 9. c3 O-O 10. d4 h6 11. h3 Re8 12. Nbd2 Bf8 13. d5 Ne7 14. Nf1 g6 15. N3h2 Bg7 16. Qf3 Kh7 17. g4 Nfg8 18. Ng3 Rf8 19. Bc2 bxa4 20. Nhf1 c6 21. dxc6 Bxc6 22. Bxa4 Bxa4 23. Rxa4 d5 24. exd5 Qxd5 25. Qxd5 Nxd5 26. Rd1 Nge7 27. Be3 Rfc8 28. c4 Nf4 29. Rd7 Nc6 30. Kh2 Kg8 31. Ne4 a5 32. Bb6 Bf8 33. c5 Nd4 34. Nfd2 Nd3 35. Rd5 Nxb2 36. Rxa5 Rxa5 37. Bxa5 Nd3 38. Bb6 f5 39. gxf5 gxf5 40. Nd6 Rc6 41. Nxf5 Nxf5 42. Rxd3 Bxc5 43. Rc3 Rxb6 44. Rxc5 Rb2 45. Ne4 Nd4 46. Kg2 Rb5 47. Nf6+ Kg7 48. Rxb5 Nxb5 49. Nd7 e4 50. Nc5 Nc3 51. Kg3 Kg6 52. Kf4 Ne2+ 53. Kxe4 Ng1 54. Ne6 Nxh3 55. Nf4+ Nxf4 56. Kxf4 Kf6 1/2-1/2

[Event "3rd Memorial Warakomska 2019"]
[Site "Suwalki"]
[Date "2019.08.08"]
[Round "5.28"]
[White "Sharankov, Grigory"]
[Black "Walter, Szymon"]
[Result "1/2-1/2"]
[ECO "E20"]
[WhiteElo "2221"]
[BlackElo "2314"]
[Annotator "NA"]
[PlyCount "77"]
[EventDate "2019.08.05"]
[EventType "swiss"]
[EventCountry "POL"]
[SourceTitle "playchess.com"]
[Source "ChessBase"]
[SourceQuality "1"]
[TimeControl "40/5400+30:1800+30"]

1. d4 Nf6 2. c4 e6 3. Nc3 Bb4 4. g3 c5 5. Nf3 cxd4 6. Nxd4 Ne4 7. Qd3 Qa5 8. Nb3 Nxc3 9. Bd2 Ne4 10. Qxe4 Bxd2+ 11. Nxd2 O-O 12. Bg2 Nc6 13. a3 Rd8 14. Qh4 d5 15. cxd5 exd5 16. b4 Qb6 17. O-O a5 18. bxa5 Rxa5 19. a4 Rc5 20. Rfd1 Be6 21. Rab1 Qa6 22. e3 Qa8 23. Bf1 h6 24. Nb3 Rc3 25. Qf4 Rc8 26. Nd4 Nxd4 27. Qxd4 R8c7 28. Rb2 Qc8 29. Be2 Rc1 30. Rbd2 R7c2 31. Rxc2 Qxc2 32. Rxc1 Qxc1+ 33. Qd1 Qxd1+ 34. Bxd1 Kf8 35. Kf1 Ke7 36. Ke2 Kd6 37. Kd3 Kc5 38. Kc3 b6 39. h4 {Kd4+ Kxd4} 1/2-1/2

[Event "3rd Memorial Warakomska 2019"]
[Site "Suwalki"]
[Date "2019.08.08"]
[Round "5.29"]
[White "Suliborski, Jakub"]
[Black "Koziol, Kamil"]
[Result "1-0"]
[ECO "E10"]
[WhiteElo "2131"]
[BlackElo "2307"]
[Annotator "NA"]
[PlyCount "121"]
[EventDate "2019.08.05"]
[EventType "swiss"]
[EventCountry "POL"]
[SourceTitle "playchess.com"]
[Source "ChessBase"]
[SourceQuality "1"]
[TimeControl "40/5400+30:1800+30"]

1. d4 Nf6 2. Nf3 e6 3. c4 c5 4. d5 b5 5. dxe6 fxe6 6. cxb5 d5 7. e3 Be7 8. Nbd2 O-O 9. b3 a6 10. Bb2 Qb6 11. bxa6 Nxa6 12. Be2 Nb4 13. a3 Nc6 14. O-O Qc7 15. Qc2 Bd6 16. Rac1 Bd7 17. Bd3 e5 18. e4 d4 19. Nc4 Be7 20. b4 Bg4 21. Ncd2 Nh5 22. Qb3+ Kh8 23. Bb5 Nd8 24. h3 Be6 25. Bc4 Nf4 26. Rfe1 Rf6 27. Nf1 Bxh3 28. g3 Nfe6 29. N1h2 Nf7 30. Rc2 Nfg5 31. Nxg5 Nxg5 32. Bc1 Rg6 33. Bxg5 Rxg5 34. Bf7 Bd7 35. b5 Qa5 36. Rb1 Rb8 37. a4 g6 38. Nf3 Rh5 39. Qd5 Qc7 40. Rcb2 Kg7 41. b6 Qd6 42. Qxd6 Bxd6 43. Bd5 c4 44. Bxc4 Bxa4 45. Bd5 g5 46. Ra1 Be8 47. Ra7+ Kf6 48. Nd2 Bc5 49. Ra5 Be7 50. Nc4 Bd7 51. f3 d3 52. g4 Rh4 53. b7 h5 54. Ra8 Bc5+ 55. Kg2 hxg4 56. Rxb8 gxf3+ 57. Kxf3 Rf4+ 58. Kg2 Rg4+ 59. Kh1 Rg1+ 60. Kh2 g4 61. Rg2 1-0

[Event "3rd Memorial Warakomska 2019"]
[Site "Suwalki"]
[Date "2019.08.08"]
[Round "5.30"]
[White "Reza, Wojciech"]
[Black "Sanz Wawer, Daniel"]
[Result "1/2-1/2"]
[ECO "E20"]
[WhiteElo "2261"]
[BlackElo "2154"]
[Annotator "NA"]
[PlyCount "63"]
[EventDate "2019.08.05"]
[EventType "swiss"]
[EventCountry "POL"]
[SourceTitle "playchess.com"]
[Source "ChessBase"]
[SourceQuality "1"]
[TimeControl "40/5400+30:1800+30"]

1. d4 Nf6 2. c4 e6 3. Nc3 Bb4 4. f3 d5 5. a3 Be7 6. e4 dxe4 7. fxe4 e5 8. d5 Bc5 9. Nf3 Bg4 10. Be2 Bxf3 11. Bxf3 a5 12. Bd2 Nbd7 13. Rb1 Qe7 14. Qe2 a4 15. g4 h6 16. h4 Bb6 17. Nb5 Rd8 18. Bb4 Nc5 19. Rd1 c6 20. d6 Qd7 21. Nc7+ Kf8 22. Qe3 Nxg4 23. Bxg4 Qxg4 24. Bxc5 Bxc5 25. Qxc5 Qxe4+ 26. Kf2 Qc2+ 27. Ke3 Qxb2 28. Rd2 Qc3+ 29. Rd3 Qb2 30. Rd2 Qc3+ 31. Rd3 Qb2 32. Rd2 1/2-1/2

[Event "3rd Memorial Warakomska 2019"]
[Site "Suwalki"]
[Date "2019.08.08"]
[Round "5.31"]
[White "Lisowski, Krzysztof"]
[Black "Molenda, Marcin"]
[Result "0-1"]
[ECO "B40"]
[WhiteElo "2187"]
[BlackElo "2387"]
[Annotator "NA"]
[PlyCount "60"]
[EventDate "2019.08.05"]
[EventType "swiss"]
[EventCountry "POL"]
[SourceTitle "playchess.com"]
[Source "ChessBase"]
[SourceQuality "1"]
[TimeControl "40/5400+30:1800+30"]

1. e4 c5 2. Nf3 e6 3. d3 b6 4. g3 Bb7 5. Bg2 d6 6. O-O Nf6 7. Re1 Nbd7 8. c3 Be7 9. Nbd2 O-O 10. a3 Rc8 11. b4 cxb4 12. axb4 Rxc3 13. Rxa7 Qb8 14. Ra3 Qc7 15. Nb3 d5 16. Nfd4 Bxb4 17. Nb5 Rxc1 18. Qxc1 Qxc1 19. Rxc1 Bxa3 20. Nxa3 dxe4 21. Rc7 Bd5 22. Nd2 exd3 23. Bxd5 exd5 24. Rc3 Nc5 25. f3 Re8 26. Kf1 d4 27. Rc4 Nd5 28. Rxd4 Ne3+ 29. Kf2 Nc2 30. Nxc2 dxc2 0-1

[Event "3rd Memorial Warakomska 2019"]
[Site "Suwalki"]
[Date "2019.08.08"]
[Round "5.32"]
[White "Paszewski, Mateusz"]
[Black "Balinski, Damian"]
[Result "1/2-1/2"]
[ECO "B36"]
[WhiteElo "2324"]
[BlackElo "2176"]
[Annotator "NA"]
[PlyCount "110"]
[EventDate "2019.08.05"]
[EventType "swiss"]
[EventCountry "POL"]
[SourceTitle "playchess.com"]
[Source "ChessBase"]
[SourceQuality "1"]
[TimeControl "40/5400+30:1800+30"]

1. e4 c5 2. Nf3 Nc6 3. d4 cxd4 4. Nxd4 g6 5. c4 Nf6 6. Nc3 d6 7. f3 Nxd4 8. Qxd4 Bg7 9. Be3 O-O 10. Qd2 Be6 11. Bd3 Qa5 12. Rc1 Rfc8 13. b3 a6 14. Ne2 Qxd2+ 15. Kxd2 Nd7 16. Nf4 Nc5 17. Be2 a5 18. h4 Na6 19. Rb1 Nb4 20. a3 Na6 21. Nxe6 fxe6 22. h5 Nc5 23. hxg6 hxg6 24. Bd3 a4 25. b4 Nb3+ 26. Ke2 Kf7 27. Rh4 Rh8 28. Rg4 e5 29. c5 Nd4+ 30. Kf2 Bh6 31. Bxh6 Rxh6 32. cxd6 exd6 33. Rc1 Re8 34. b5 Rhh8 35. Rc7+ Kf6 36. Bc4 Re7 37. Rxg6+ Kxg6 38. Rxe7 Rc8 39. Bf1 Rc3 40. Rxb7 Rxa3 41. Rb6 Rb3 42. Rxd6+ Kg5 43. Ra6 a3 44. b6 Rb2+ 45. Kg1 Nc2 46. Bc4 Ne3 47. Bd5 Kf4 48. b7 Rxg2+ 49. Kh1 Rb2 50. Rxa3 Kg3 51. Rb3 Rh2+ 52. Kg1 Rg2+ 53. Kh1 Rf2 54. Rb1 Rh2+ 55. Kg1 Rg2+ 1/2-1/2

[Event "3rd Memorial Warakomska 2019"]
[Site "Suwalki"]
[Date "2019.08.08"]
[Round "5.33"]
[White "Zakrzewski, Marek"]
[Black "Klimkowski, Jan"]
[Result "0-1"]
[ECO "A16"]
[WhiteElo "2311"]
[BlackElo "1985"]
[Annotator "NA"]
[PlyCount "75"]
[EventDate "2019.08.05"]
[EventType "swiss"]
[EventCountry "POL"]
[SourceTitle "playchess.com"]
[Source "ChessBase"]
[SourceQuality "1"]
[TimeControl "40/5400+30:1800+30"]

1. c4 Nf6 2. Nc3 g6 3. g3 Bg7 4. Bg2 O-O 5. Nf3 d6 6. O-O Nc6 7. Rb1 a5 8. a3 e5 9. d3 h6 10. b4 axb4 11. axb4 Be6 12. b5 Ne7 13. Bb2 Qd7 14. Qb3 Kh7 15. Ra1 Rab8 16. Rfd1 Bh3 17. Bh1 Ng4 18. d4 f5 19. dxe5 Nxe5 20. Nxe5 Bxe5 21. f4 Bg7 22. c5 Qe8 23. cxd6 cxd6 24. Bf3 Bg4 25. Rxd6 Bxf3 26. exf3 Rd8 27. Qd1 Nc8 28. Rd3 Nb6 29. Rc1 Nc4 30. Ba1 Qe7 31. Na4 Rxd3 32. Qxd3 Rd8 33. Qf1 Qe3+ 34. Kh1 Nd2 35. Qe1 Qxf3+ 36. Kg1 Qa3 37. Kg2 Nf3 38. Qf2 0-1

[Event "3rd Memorial Warakomska 2019"]
[Site "Suwalki"]
[Date "2019.08.08"]
[Round "5.34"]
[White "Luba, Lukasz"]
[Black "Czerw, Dawid"]
[Result "1/2-1/2"]
[ECO "A45"]
[WhiteElo "2177"]
[BlackElo "2326"]
[Annotator "NA"]
[PlyCount "44"]
[EventDate "2019.08.05"]
[EventType "swiss"]
[EventCountry "POL"]
[SourceTitle "playchess.com"]
[Source "ChessBase"]
[SourceQuality "1"]
[TimeControl "40/5400+30:1800+30"]

1. d4 Nf6 2. Nd2 d5 3. e3 g6 4. Bd3 Bg7 5. h3 O-O 6. g4 c5 7. c3 cxd4 8. cxd4 Nc6 9. f4 b6 10. a3 a5 11. Qe2 Nb8 12. g5 Nh5 13. Qg2 Ba6 14. Be2 Bxe2 15. Nxe2 Nc6 16. Nf1 Rc8 17. Nfg3 Nxg3 18. Qxg3 f5 19. h4 Kf7 20. h5 Rh8 21. Bd2 Na7 22. Nc3 Qd7 1/2-1/2

[Event "3rd Memorial Warakomska 2019"]
[Site "Suwalki"]
[Date "2019.08.08"]
[Round "5.35"]
[White "Hoffmann, Yair"]
[Black "Szadkowski, Kamil"]
[Result "1/2-1/2"]
[ECO "E63"]
[WhiteElo "2099"]
[BlackElo "2245"]
[Annotator "NA"]
[PlyCount "43"]
[EventDate "2019.08.05"]
[EventType "swiss"]
[EventCountry "POL"]
[SourceTitle "playchess.com"]
[Source "ChessBase"]
[SourceQuality "1"]
[TimeControl "40/5400+30:1800+30"]

1. d4 Nf6 2. c4 g6 3. Nc3 Bg7 4. Nf3 O-O 5. g3 Nc6 6. Bg2 d6 7. O-O a6 8. d5 Na5 9. b3 c5 10. dxc6 Nxc6 11. Bb2 Qa5 12. Nd5 Nxd5 13. Bxg7 Nc3 14. Bxc3 Qxc3 15. e3 Rd8 16. Nd4 Bd7 17. Qe2 Rab8 18. Rac1 Qa5 19. Rfd1 Rdc8 20. Qb2 Qh5 21. Ne2 Ne5 22. Nd4 1/2-1/2

[Event "3rd Memorial Warakomska 2019"]
[Site "Suwalki"]
[Date "2019.08.08"]
[Round "5.36"]
[White "Lis, Mateusz"]
[Black "Kiolbasa, Oliwia"]
[Result "1/2-1/2"]
[ECO "C68"]
[WhiteElo "2007"]
[BlackElo "2239"]
[Annotator "NA"]
[PlyCount "59"]
[EventDate "2019.08.05"]
[EventType "swiss"]
[EventCountry "POL"]
[SourceTitle "playchess.com"]
[Source "ChessBase"]
[SourceQuality "1"]
[TimeControl "40/5400+30:1800+30"]

1. e4 e5 2. Nf3 Nc6 3. Bb5 a6 4. Bxc6 dxc6 5. O-O f6 6. d4 exd4 7. Nxd4 c5 8. Ne2 Qxd1 9. Rxd1 Bd7 10. Bf4 O-O-O 11. Nbc3 Ne7 12. Bg3 Re8 13. f3 Bc6 14. Nf4 Ng6 15. Nxg6 hxg6 16. Nd5 Bxd5 17. Rxd5 Rh5 18. Rad1 Rxd5 19. Rxd5 Re6 20. c4 Be7 21. Kf2 b5 22. b3 bxc4 23. bxc4 Rb6 24. Rd2 Rb4 25. Rc2 Bd6 26. f4 a5 27. Ke3 Rb1 28. e5 Be7 29. Rc3 Rb6 30. Ra3 1/2-1/2